 Dungeon Crawl Stone Soup version 0.30.1-4-g462c640d31 (webtiles) character file.

Game seed: 13458776991694974452

105480 monsoonserge the Severer (level 15, -1/232 HPs)
             Began as a Minotaur Berserker on Sept 12, 2023.
             Was a High Priest of Trog.
             Slain by a goliath frog (5 damage)
             ... called by a spriggan druid
             ... on level 2 of the Swamp.
             The game lasted 01:08:48 (23466 turns).

monsoonserge the Severer (Minotaur Berserker)      Turns: 23466, Time: 01:08:48

Health: -1/232     AC: 32    Str: 29    XL:     15   Next: 94%
Magic:  0/14       EV:  8    Int:  4    God:    Trog [*****.]
Gold:   3663       SH:  0    Dex: 10    Spells: 14/14 levels left

rFire   + . .        W - +5 battleaxe (flame)
rCold   + . .        (shield currently unavailable)
rNeg    . . .        H - +2 crystal plate armour
rPois   +            (helmet restricted)
rElec   .            N - scarf {rC+ rF+}
rCorr   .            b - +0 pair of gloves
SInv    .            F - +1 pair of boots
Will    ++++.        Q - amulet of guardian spirit Stlth
                     D - ring of poison resistance
HPRegen 1.58/turn    y - ring of willpower
MPRegen 0.14/turn

%: guardian spirit
@: berserking (expiring), strong-willed, regenerating, very quick
A: horns 2, retaliatory headbutt
a: Renounce Religion, Berserk, Trog's Hand, Brothers in Arms


You were on level 2 of the Swamp.
You worshipped Trog.
Trog was extremely pleased with you.
You visited 5 branches of the dungeon, and saw 23 of its levels.
You also visited: Sewer, Bailey and Volcano.

You collected 3759 gold pieces.
You spent 96 gold pieces at shops.

Inventory:

Hand Weapons
 W - a +5 battleaxe of flaming (weapon)
Missiles
 h - 3 atropa-tipped darts
 t - 25 poisoned darts (quivered)
 K - 9 boomerangs
 M - a throwing net
 Y - 2 curare-tipped darts
Armour
 b - a +0 pair of gloves (worn)
 F - a +1 pair of boots (worn)
 H - a +2 crystal plate armour (worn)
 N - a scarf of resistance (worn)
 R - a +3 plate armour of fire resistance
Jewellery
 y - a ring of willpower (right hand)
 D - a ring of poison resistance (left hand)
 Q - an amulet of guardian spirit (around neck)
 Z - a ring of resist corrosion
Wands
 A - a wand of polymorph (19)
 I - a wand of mindburst (27)
 L - a wand of iceblast (19)
 O - a wand of quicksilver (9)
 U - a wand of paralysis (15)
 V - a wand of flame (14)
 X - a wand of digging (3)
Scrolls
 f - 6 scrolls of summoning
 g - a scroll of noise {unknown}
 i - 2 scrolls of poison {unknown}
 m - 4 scrolls of amnesia {unknown}
 o - 2 scrolls of fog {unknown}
 q - 2 scrolls of brand weapon {unknown}
 s - 10 scrolls of teleportation {unknown}
 u - 4 scrolls of fear
 v - a scroll of immolation {unknown}
 B - 3 scrolls of enchant weapon {unknown}
 C - 6 scrolls of blinking
 E - 5 scrolls of magic mapping {unknown}
 G - a scroll of silence {unknown}
 P - a scroll of vulnerability {unknown}
 S - 8 scrolls of enchant armour
Potions
 a - 2 potions of flight
 c - 9 potions of heal wounds
 d - 7 potions of attraction
 e - 5 potions of might
 j - 6 potions of ambrosia
 k - 4 potions of curing
 l - 4 potions of resistance
 n - 10 potions of mutation
 p - 3 potions of invisibility
 r - 3 potions of cancellation
 x - a potion of magic {unknown}
 z - 4 potions of haste
 T - 2 potions of lignification
Miscellaneous
 w - a box of beasts
 J - a phantom mirror


   Skills:
 + Level 19.9 Fighting
 - Level 20.0 Axes
 + Level 0.7 Throwing
 + Level 18.2 Armour
 + Level 4.2 Dodging
 + Level 1.1 Stealth
 * Level 5.3 Evocations


You had 14 spell levels left.
You didn't know any spells.
Your spell library contained the following spells:

 Spells                   Type           Power      Damage    Failure   Level
 Freeze                   Ice            0%         1d3       100%        1
 Sandblast                Erth           0%         2d4       100%        1
 Blink                    Tloc           0%         N/A       100%        2
 Ensorcelled Hibernation  Hex/Ice        0%         N/A       100%        2
 Lesser Beckoning         Tloc           0%         N/A       100%        2
 Momentum Strike          Conj/Tloc      0%         3d8       100%        2
 Passwall                 Tmut/Erth      0%         N/A       100%        2
 Sublimation of Blood     Necr           0%         N/A       100%        2
 Frozen Ramparts          Ice            0%         1d1       100%        3
 Hailstorm                Conj/Ice       0%         3d3       100%        3
 Ozocubu's Armour         Ice            0%         N/A       100%        3
 Spider Form              Tmut/Pois      0%         N/A       100%        3
 Stone Arrow              Conj/Erth      0%         3d7       100%        3
 Anguish                  Hex/Necr       0%         N/A       100%        4
 Cause Fear               Hex            0%         N/A       100%        4
 Ice Form                 Ice/Tmut       0%         N/A       100%        4
 Leda's Liquefaction      Hex/Erth       0%         N/A       100%        4
 Petrify                  Tmut/Erth      0%         N/A       100%        4
 Summon Ice Beast         Ice/Summ       0%         N/A       100%        4
 Irradiate                Conj/Tmut      0%         3d11      100%        5
 Lee's Rapid Deconstruct  Erth           0%         3d4*      100%        5
 Summon Forest            Summ/Tloc      0%         N/A       100%        5
 Summon Mana Viper        Hex/Summ       0%         N/A       100%        5
 Simulacrum               Ice/Necr       0%         N/A       100%        6
 Statue Form              Tmut/Erth      0%         N/A       100%        6
 Summon Cactus Giant      Summ           0%         N/A       100%        6
 Dragon Form              Tmut           0%         N/A       100%        7
 Ozocubu's Refrigeration  Ice            0%         4d7       100%        7
 Dragon's Call            Summ           0%         N/A       100%        9
 Polar Vortex             Ice            0%         N/A       100%        9


Dungeon Overview and Level Annotations

Branches:
Dungeon (13/15)            Temple (1/1) D:6            Lair (5/5) D:8
  Swamp (2/4) Lair:2        Snake (0/4) Lair:3        Slime (0/5) Lair:4
    Orc (2/2) D:10            Elf (0/3) Orc:2         Sewer (visited)
 Bailey (visited)         Volcano (visited)
 Vaults: D:13-14

Altars:
Ashenzari
Cheibriados
Dithmenos
Elyvilon
Fedhas
Gozag
Hepliaklqana
Kikubaaqudgha
Makhleb
Nemelex Xobeh
Okawaru
Qazlal
Ru
Sif Muna
Trog
Uskayaw
Vehumet
Wu Jian
Xom
Yredelemnul
Zin
The Shining One
Jiyva

Shops:
D:10 [   Orc:2 =[(!


Innate Abilities, Weirdness & Mutations

You have a pair of horns on your head.
You reflexively headbutt those who attack you in melee.


Message History

You burn the six-headed hydra.
The six-headed hydra is severely wounded.
You slice the spriggan druid!! You burn the spriggan druid.
With its final breath, the spriggan druid offers up its power to the beasts of the wild!
The six-headed hydra is healed.
The goliath frog seems to grow more fierce.
The swamp worm seems to grow more fierce.
The six-headed hydra seems to grow more fierce.
You kill the spriggan druid!
Trog accepts your kill.
Trog appreciates your killing of a magic user.
You hear a splash. x2
The swamp worm fires a harpoon shot at you.
The harpoon shot hits you!
* * * LOW HITPOINT WARNING * * *
You are yanked forward by the harpoon shot.
Splash!
You fall into the shallow water.
Moving in this stuff is going to be slow.
Found 21 gold pieces.
Your troll bites the six-headed hydra!
Your troll closely misses the six-headed hydra.
Your troll claws the six-headed hydra!
The goliath frog hits you but does no damage.
The six-headed hydra bites you.
* * * LOW HITPOINT WARNING * * *
The six-headed hydra bites you but does no damage. x3
The six-headed hydra bites you!!
* * * LOW HITPOINT WARNING * * *
The six-headed hydra bites you but does no damage.
Your troll barely misses the six-headed hydra. x2
Your troll claws the six-headed hydra.
Your troll claws one of the six-headed hydra's heads off!
The five-headed hydra grows two more!
You chop one of the seven-headed hydra's heads off!
The flame cauterises the wound!
You slash the six-headed hydra! You burn the six-headed hydra.
The six-headed hydra is almost dead.
You barely miss the swamp worm. The goliath frog hits you from afar.
You die...

♣~~♣~~.♣♣
♣...~§..♣♣
♣.~~~....♣♣♣
♣~~§~.....♣♣.
♣~~~.)..§..>~
♣♣.~.††).§~.~§
♣!♣♣F~~~.~.~~~
♣♣....~
♣.♣..~.~~....~
♣.~♣♣♣♣..~<....
♣~. ♣♣♣♣.....
♣~§ ♣.~.~ ♣♣~
♣~♣$ ♣♣


You could see a six-headed hydra (strong, ally target), a goliath frog (strong),
a swamp worm (strong) and a friendly troll (summoned, berserk).

Vanquished Creatures
  Saint Roka (Orc:2)
  An orc warlord (Orc:1)
  3 eleionomae
  3 dire elephants (Lair:5)
  2 bunyips
  Snorg (D:10)
  A ghost crab (Swamp:1)
  5 hydras
  5 ogre magi
  Erica (D:9)
  26 two-headed ogres
  An alligator (Swamp:1)
  2 catoblepae
  3 death yaks (D:8)
  2 boulder beetles
  A spectral dire elephant (Lair:5)
  3 spriggans
  2 orc high priests (Bailey)
  A hell knight (Volcano)
  Sonja (Orc:2)
  7 skysharks
  2 spectral death yaks (Lair:5)
  3 goliath frogs (Swamp:1)
  A spriggan druid (Swamp:2)
  An obsidian statue (Lair:5)
  4 necromancers (Lair:5)
  An orc knight (D:10)
  An orc sorcerer (Orc:1)
  2 oklob plants
  2 ugly things (D:12)
  A manticore (D:11)
  A cyclops (D:9)
  18 elephants
  Joseph (D:8)
  6 black mambas
  3 torpor snails
  A guardian serpent (Lair:3)
  A gargoyle (D:12)
  20 cane toads
  A kobold demonologist (D:12)
  2 unseen horrors (D:10)
  4 rime drakes
  8 komodo dragons
  The ghost of gohan83 the Destroyer, a novice DECj (D:5)
  A bloated husk (Swamp:1)
  10 trolls
  3 hornets
  6 tyrant leeches
  3 spectral elephants (Lair:5)
  4 dream sheep (Lair:5)
  16 blink frogs
  6 wraiths
  7 wyverns
  14 slime creatures
  A shadow (D:10)
  39 yaks
  3 vampires
  A steam dragon (D:9)
  3 spectral cane toads (Lair:5)
  A death yak simulacrum (Lair:5)
  2 vampire mosquitoes (D:10)
  2 wargs (Orc:1)
  5 swamp worms
  13 water moccasins
  An acid dragon (D:10)
  3 ice beasts
  28 orc warriors
  A black bear (Lair:3)
  A sky beast (D:7)
  An elephant zombie (Lair:5)
  25 ogres
  28 wolves
  An elephant skeleton (Lair:5)
  7 centaurs
  A phantom (D:5)
  9 bullfrogs
  3 kobold brigands
  A gnoll sergeant (D:5)
  14 wights
  2 elephant simulacra (Lair:5)
  16 killer bees
  8 howler monkeys
  5 electric eels (Bailey)
  4 crimson imps (D:7)
  14 orc priests
  A gnoll bouda (D:7)
  3 hounds
  4 jellies
  2 sleepcaps
  15 orc wizards
  7 hell rats
  15 gnolls
  10 adders
  9 river rats
  5 worms
  2 dart slugs
  73 orcs
  4 ball pythons
  6 endoplasms
  3 giant cockroaches
  14 goblins
  13 hobgoblins
  9 jackals
  4 quokkas
  12 bats
  6 frilled lizards
  20 kobolds
  18 rats
725 creatures vanquished.

Vanquished Creatures (others)
  A spectral anaconda (Lair:5)
  2 bloated husks
  A spriggan (Swamp:2)
  A swamp worm (Swamp:2)
5 creatures vanquished.

Grand Total: 730 creatures vanquished

Notes
Turn   | Place    | Note
-------+----------+-------------------------------------------
     0 | D:1      | monsoonserge the Minotaur Berserker began the quest for the
                  | Orb.
     0 | D:1      | Reached XP level 1. HP: 19/19 MP: 0/0
   207 | D:1      | Found a faded altar of an unknown god.
   615 | D:1      | Reached skill level 4 in Axes
   615 | D:1      | Reached XP level 2. HP: 27/27 MP: 1/1
  1218 | D:2      | Reached XP level 3. HP: 31/33 MP: 2/2
  1412 | D:2      | Found the +5 woodcutter's axe
  1555 | D:2      | Reached ** piety under Trog
  1786 | D:3      | Reached skill level 5 in Axes
  1786 | D:3      | Reached XP level 4. HP: 41/41 MP: 3/3
  1823 | D:3      | Found a blossoming altar of Fedhas.
  1928 | D:3      | You fall into a shaft and drop 2 floors!
  1928 | D:5      | Entered Level 5 of the Dungeon
  1928 | D:5      | Found a runed translucent gate.
  1928 | D:5      | Found a runed translucent gate.
  1928 | D:5      | Found a runed translucent gate.
  1931 | D:5      | Noticed gohan83's ghost (novice DECj)
  1954 | D:5      | Noticed an ice beast
  1961 | D:5      | Killed an ice beast
  1962 | D:5      | Reached skill level 5 in Fighting
  1962 | D:5      | Reached XP level 5. HP: 42/48 MP: 4/4
  1975 | D:4      | Reached skill level 6 in Axes
  1996 | D:4      | Found a snail-covered altar of Cheibriados.
  2094 | D:4      | Found a glowing drain.
  2113 | Sewer    | Entered a sewer
  2230 | Sewer    | Reached XP level 6. HP: 52/56 MP: 5/5
  2371 | Sewer    | Reached *** piety under Trog
  3134 | D:4      | Reached skill level 5 in Armour
  3309 | D:4      | Reached XP level 7. HP: 63/63 MP: 6/6
  3619 | D:5      | Found a hazy altar of Hepliaklqana.
  3631 | D:5      | Found a glowing silver altar of Zin.
  4021 | D:5      | Reached skill level 7 in Axes
  4021 | D:5      | Reached XP level 8. HP: 68/73 MP: 7/7
  4164 | D:6      | Found a staircase to the Ecumenical Temple.
  4173 | Temple   | Entered the Ecumenical Temple
  4392 | D:6      | Found an ornate altar of the Wu Jian Council.
  4398 | D:6      | Reached **** piety under Trog
  4607 | D:6      | Found an ancient bone altar of Kikubaaqudgha.
  5258 | D:7      | Found a shimmering altar of Xom.
  5302 | D:7      | Reached skill level 8 in Axes
  5302 | D:7      | Reached skill level 1 in Evocations
  5316 | D:7      | Found a flagged portal.
  5335 | Bailey   | Entered a bailey
  5468 | Bailey   | Reached XP level 9. HP: 75/82 MP: 8/8
  5493 | Bailey   | Noticed an orc high priest
  5506 | Bailey   | Noticed a smoke demon
  5506 | Bailey   | Noticed an orange demon
  5508 | Bailey   | Killed an orc high priest
  5509 | Bailey   | Reached skill level 9 in Axes
  5939 | Bailey   | Reached skill level 10 in Fighting
  5956 | Bailey   | Reached ***** piety under Trog
  6130 | Bailey   | Acquired 825 gold pieces
  6168 | Bailey   | Found an iron altar of Okawaru.
  6168 | Bailey   | Noticed an orc high priest
  6175 | Bailey   | Noticed an ice devil
  6175 | Bailey   | Noticed a smoke demon
  6178 | Bailey   | Noticed a rust devil
  6182 | Bailey   | Killed an orc high priest
  6183 | Bailey   | Reached XP level 10. HP: 72/94 MP: 9/9
  6550 | D:7      | Found a radiant altar of Vehumet.
  6728 | D:7      | Paralysed by an orc for 2 turns
  6830 | D:7      | Reached skill level 10 in Axes
  6834 | D:7      | Reached skill level 10 in Armour
  6930 | D:7      | Found a broken altar of Ashenzari.
  7225 | D:8      | Noticed Joseph
  7238 | D:8      | Killed Joseph
  7266 | D:8      | Received a gift from Trog
  7324 | D:8      | Found a staircase to the Lair.
  7324 | D:8      | Noticed a death yak
  7325 | D:8      | Noticed a death yak
  7330 | D:8      | Noticed a death yak
  7340 | D:8      | Killed a death yak
  7342 | D:8      | Killed a death yak
  7346 | D:8      | Killed a death yak
  7347 | D:8      | Reached skill level 11 in Axes
  7347 | D:8      | Reached XP level 11. HP: 82/104 MP: 10/10
  7975 | D:9      | Noticed a boulder beetle
  7991 | D:9      | Killed a boulder beetle
  8159 | D:9      | Noticed Erica
  8172 | D:9      | Killed Erica
  8739 | D:9      | Reached skill level 12 in Axes
  8799 | D:9      | Found an opulent altar of Gozag.
  8799 | D:9      | Found a sparkling altar of Nemelex Xobeh.
  9020 | D:10     | Entered Level 10 of the Dungeon
  9150 | D:10     | Found Oddesuru's Armour Shoppe.
  9484 | D:10     | Received a gift from Trog
  9485 | D:10     | Reached skill level 13 in Axes
  9570 | D:10     | Noticed Snorg
  9582 | D:10     | Killed Snorg
  9662 | D:10     | Noticed an orc knight
  9673 | D:10     | Killed an orc knight
 10119 | D:10     | Found a glowing golden altar of the Shining One.
 10201 | D:10     | Found a staircase to the Orcish Mines.
 10207 | D:10     | Reached XP level 12. HP: 115/115 MP: 11/11
 10363 | D:10     | Noticed a two-headed ogre
 10368 | D:10     | Killed a two-headed ogre
 10369 | D:10     | Reached skill level 14 in Axes
 11502 | D:12     | Reached skill level 15 in Axes
 11667 | D:12     | Noticed a two-headed ogre
 11682 | D:12     | Killed a two-headed ogre
 11690 | D:12     | Noticed a boulder beetle
 11714 | D:12     | Killed a boulder beetle
 12147 | D:13     | Noticed a two-headed ogre
 12153 | D:12     | Killed a two-headed ogre
 12179 | D:13     | Reached skill level 16 in Axes
 12345 | D:13     | Found an iron altar of Okawaru.
 12564 | Lair:1   | Entered Level 1 of the Lair of Beasts
 12899 | Lair:1   | Reached XP level 13. HP: 125/125 MP: 12/12
 13062 | Lair:1   | Reached skill level 1 in Stealth
 13740 | Lair:2   | Reached skill level 15 in Fighting
 13819 | Lair:2   | Reached skill level 17 in Axes
 14665 | Lair:2   | Found a staircase to the Swamp.
 14703 | Lair:2   | Reached skill level 18 in Axes
 14780 | Lair:2   | Reached ****** piety under Trog
 15023 | Lair:3   | Found a staircase to the Snake Pit.
 15225 | Lair:3   | Reached XP level 14. HP: 116/137 MP: 10/13
 15820 | Lair:4   | Reached skill level 15 in Armour
 15994 | Lair:4   | Found a staircase to the Slime Pits.
 16020 | Lair:4   | Found a viscous altar of Jiyva.
 16257 | Lair:4   | Received a gift from Trog
 16258 | Lair:4   | Reached skill level 19 in Axes
 16449 | Lair:5   | Entered Level 5 of the Lair of Beasts
 17835 | Lair:5   | Reached skill level 20 in Axes
 18400 | Lair:5   | Received a gift from Trog
 19024 | Lair:5   | Acquired 845 gold pieces
 19376 | D:5      | Killed gohan83's ghost
 19595 | Orc:1    | Entered Level 1 of the Orcish Mines
 19703 | Orc:1    | Found a dark tunnel.
 19726 | Volcano  | Entered a volcano
 19745 | Volcano  | Found a bloodstained altar of Trog.
 19757 | Volcano  | Reached XP level 15. HP: 123/149 MP: 11/14
 20145 | Orc:2    | Entered Level 2 of the Orcish Mines
 20187 | Orc:2    | Noticed Saint Roka
 20203 | Orc:2    | Noticed Sonja
 20435 | Orc:2    | Killed Sonja
 20445 | Orc:2    | Killed Saint Roka
 20742 | Orc:2    | Found a staircase to the Elven Halls.
 20980 | Orc:1    | Received a gift from Trog
 21676 | Orc:2    | Found Vamurouph's Weapon Shoppe.
 21676 | Orc:2    | Found Lapraatz's Distillery.
 21678 | Orc:2    | Found Taff's Jewellery Shop.
 21678 | Orc:2    | Found Jocyczujur's Armour Shoppe.
 21950 | Orc:2    | Bought a potion of mutation for 96 gold pieces
 22200 | Swamp:1  | Entered Level 1 of the Swamp
 22507 | Swamp:1  | Reached skill level 5 in Evocations
 22814 | Swamp:1  | Received a gift from Trog
 23465 | Swamp:2  | HP: 3/232 [six-headed hydra[a spriggan druid] (18)]
 23466 | Swamp:2  | Slain by a goliath frog

Illustrated notes

Levels and vault maps discovered:
D:1:      minmay_arrival_shattered_statue, layout_basic,
          hellmonk_ecumenical_altar_zigzags
D:2:      minmay_spotlight, layout_loops_ring
D:3:      layout_rooms, fedhas_altar_fruit_tree
D:4:      layout_basic, kennysheep_mini, portal_sewer_entry_f
D:5:      layout_cave_pools, mainiacjoe_overflow_catwalk_spiral,
          gammafunk_ghost_nasty_kobolds, minmay_misc_feat_iff,
          nrook_mini_backslash
D:6:      layout_loops_ring, old_standard_altar, nicolae_wu_jian_wuxing_cycle,
          lemuel_temple_firewalk_a, minmay_misc_feat_tiny
D:7:      layout_rooms, nicolae_vehumet_altar_sigil, led_xom_imps,
          nicolae_ashenzari_skybound, enter_bailey_5
D:8:      layout_rooms, dpeg_lair_monsters, minmay_misc_feat_enclosed,
          uniq_joseph
D:9:      layout_basic, grunt_temple_overflow_opulence,
          minmay_sticks_and_stones, uniq_erica
D:10:     layout_loops_ring, lemuel_coloured_pillars_altar, david_orc_5,
          serial_shops, shop, minmay_joined_circles, uniq_snorg
D:11:     layout_long_grid
D:12:     layout_rooms
D:13:     layout_roguey, serial_shops, nicolae_shop_statue_plus,
          okawaru_altar_gauntlet_db
Temple:   compressed_dpeg_circular_temple
Lair:1:   layout_chaotic_city, serial_rivers, chequers_serial_rivers_micro_d,
          chequers_serial_rivers_micro_a, chequers_serial_rivers_small_b,
          chequers_serial_rivers_micro_b, chequers_serial_rivers_micro_c
Lair:2:   layout_chaotic_city, minmay_swamp_entry_worms, roderic_batcave,
          st_stairs_10, beast_lair_carwin_7, grunt_megastairs_5,
          lemuel_fruit_tree
Lair:3:   layout_misc_corridors, minmay_snake_entry_spellcaster,
          serial_bayou_shore_b
Lair:4:   layout_loops_ring, slime_entry_1, grunt_megastairs_2
Lair:5:   due_jungle_book, layout_cave_pods, kennysheep_abandoned_house
Swamp:1:  layout_basic_swamp, evilmike_swamp_ruin_rubble_2, swamp_pool1
Swamp:2:  layout_falls_marsh, infiniplex_staircase_pool, swamp_pool2,
          nicolae_island_escapes
Orc:1:    layout_caves, nicolae_volcano_entry_two_sided
Orc:2:    st_orc_ogre_mass, layout_diamond_mine, mines3_lemuel, uniq_saint_roka,
          uniq_sonja

Skill      XL: |  1  2  3  4  5  6  7  8  9 10 11 12 13 14 15 |
---------------+----------------------------------------------+-----
Axes           | 4 5 6 7 8 9 11 13 16 18 20 | 20.0
Fighting       | 4 5 6 7 8 10 12 13 14 16 17 19 | 19.9
Armour         | 3 5 6 7 9 11 12 13 14 16 18 | 18.2
Dodging        | 3 4 |  4.2
Evocations     | 1 3 4 5 |  5.3
Stealth        | 1 |  1.1
Throwing       | |  0.7

Action                     |  1- 3 |  4- 6 |  7- 9 | 10-12 | 13-15 || total
---------------------------+-------+-------+-------+-------+-------++-------
  Melee: Hand axe          |    57 |       |       |       |       ||    57
         Headbutt          |    11 |    15 |    25 |   107 |   162 ||   320
         Punch             |     1 |       |       |       |       ||     1
         Battleaxe         |     5 |   135 |   171 |   469 |   737 ||  1517
  Throw: Dart              |       |       |       |     3 |     1 ||     4
 Invoke: Berserk           |       |       |     1 |     1 |     3 ||     5
         Trog's Hand       |       |       |       |     1 |     2 ||     3
         Brothers in Arms  |       |       |       |       |     2 ||     2
    Use: Scroll            |       |       |     1 |    10 |     5 ||    16
 Armour: Animal skin       |     1 |       |       |       |       ||     1
         Ring mail         |    14 |    38 |       |       |       ||    52
         Chain mail        |       |     4 |    99 |       |       ||   103
         Plate armour      |       |       |    15 |   357 |   375 ||   747
         Crystal plate arm |       |       |       |       |   211 ||   211
  Dodge: Dodged            |    36 |    52 |    88 |   224 |   320 ||   720
